Map: Dusk Towers

Players

CheoL - Winner!

  • Race: Zerg Zerg
  • League: Platinum

LilDicky

  • Race: Terran Terran
  • League: Diamond

VOD

http://www.twitch.tv/tumescentpie

Description

Time

  • Played on: Dec. 30, 2015, 10:03 p.m.
  • Length: 5:36
Show
View Real Time Build Order
Export as new Build Order

CheoL Zerg - Winner!

Build Orders: Hatch First, Zergling Baneling 

Get SALT Encoding   

  12  0:01  Drone  
  13  0:10  Drone  
  14  0:18  Overlord  
  14  0:30  Extractor  
  14  0:31  Drone x2, Extractor  
  16  0:38  Drone  
  17  0:56  Hatchery  
  16  0:58  Drone  
  16  1:01  Drone  
  18  1:08  Drone, Extractor  
  18  1:24  Drone, Spawning Pool  
  18  1:27  Drone  
  19  1:38  Overlord  
  19  2:10  Zergling x2  
  19  2:11  Zergling x4  
  19  2:13  Queen x2  
  19  2:14  Drone  
  27  2:18  Metabolic Boost  
  27  2:33  Drone x4  
  31  2:40  Overlord  
  31  2:48  Drone  
  32  2:53  Queen  
  34  2:59  Queen  
  34  3:00  Drone  
  34  3:02  Drone  
  34  3:05  Drone  
  39  3:06  Drone  
  40  3:14  Zergling x2  
  41  3:20  Baneling Nest  
  41  3:24  Drone x3  
  41  3:26  Zergling x2  
  44  3:28  Overlord  
  44  3:32  Overlord  
  44  3:50  Overlord x2  
  44  3:56  Zergling x2  
  44  3:57  Zergling x6  
  48  4:06  Spine Crawler  
  48  4:09  Baneling x6  
  47  4:17  Zergling x2  
  47  4:18  Zergling x12  
  54  4:25  Zergling x2  
  54  4:26  Roach Warren  
  54  4:32  Drone x2  
  56  4:39  Spore Crawler  
  56  4:43  Spore Crawler  
  56  4:44  Baneling  
  56  4:45  Baneling x3  
  54  4:48  Drone x3  
  54  4:49  Drone  
  54  4:51  Extractor  
  57  5:09  Zergling x10  
  57  5:10  Zergling x2  
  63  5:15  Baneling x3  
Show
View Real Time Build Order
Export as new Build Order

LilDicky Terran 

Build Orders: MMM Bio 

Get SALT Encoding   

  12  0:01  SCV  
  13  0:13  SCV  
  14  0:18  Supply Depot  
  14  0:27  SCV  
  15  0:32  Refinery  
  15  0:39  SCV  
  16  0:45  Barracks  
  16  0:52  SCV  
  17  1:04  SCV  
  18  1:16  SCV  
  19  1:26  Supply Depot  
  19  1:31  Orbital Command  
  19  1:38  Barracks  
  19  1:42  Barracks Tech Lab  
  19  1:49  Barracks  
  19  1:58  SCV  
  19  2:01  Marine  
  21  2:02  Stimpack  
  21  2:10  SCV  
  22  2:19  Marine  
  22  2:21  Supply Depot  
  22  2:22  SCV  
  24  2:24  Barracks Tech Lab  
  24  2:34  Factory  
  24  2:36  Marine  
  25  2:38  Refinery  
  25  2:40  SCV  
  27  2:44  Barracks Reactor  
  27  2:47  Marine  
  27  2:52  SCV  
  27  2:54  Marine  
  29  2:58  Combat Shields  
  29  3:04  SCV  
  29  3:05  Marine  
  31  3:12  Marine  
  32  3:16  SCV  
  32  3:19  Supply Depot  
  33  3:21  Marine x2  
  33  3:23  Marine  
  36  3:27  Factory  
  36  3:28  SCV  
  36  3:30  Marine  
  38  3:39  Marine  
  38  3:40  Marine x2  
  41  3:45  Supply Depot  
  41  3:48  Marine  
  42  3:54  SCV  
  43  3:56  Marine  
  43  3:58  Supply Depot, Marine x2  
  46  4:05  Marine  
  46  4:07  SCV  
  48  4:14  Marine  
  48  4:15  Starport  
  49  4:17  Marine x2  
  49  4:20  Widow Mine  
  53  4:26  Supply Depot  
  53  4:28  Marine  
  54  4:32  Marine  
  54  4:35  Marine x2  
  54  4:38  SCV  
  58  4:46  Marine  
  58  4:50  Marine  
  60  4:53  Marine  
  60  4:54  Marine  
  60  4:55  Medivac, Widow Mine  
  66  5:00  Supply Depot  
  66  5:04  SCV  
  66  5:05  Supply Depot  
Tags
 
Add a new tag
Caveats
  • Supply blocks, unpowered buildings, or Contaminate may cause inaccurate times.
  • Supply counts are checked every 10 seconds.